 Dungeon Crawl Stone Soup version 0.19-a0-994-g3c636f0 (webtiles) character file.

46 Musica the Firebug (level 3, 0/24 HPs)
             Began as a Demonspawn Fire Elementalist on July 16, 2016.
             Slain by a worm (3 damage)
             ... on level 2 of the Dungeon.
             The game lasted 00:04:58 (1276 turns).

Musica the Firebug (Demonspawn Fire Elementalist)   Turns: 1276, Time: 00:04:58

Health: 0/24       AC:  4    Str:  8    XL:     3   Next: 46%
Magic:  1/6        EV: 12    Int: 17    God:
Gold:   84         SH:  0    Dex: 13    Spells: 2 memorised, 3 levels left

rFire  . . .     SeeInvis .     e - +0 dagger
rCold  . . .     Gourm    .     a - +0 robe
rNeg   . . .     Faith    .     (no shield)
rPois  .         Spirit   .     (helmet restricted)
rElec  .         Dismiss  .     (no cloak)
rCorr  .         Reflect  .     (no gloves)
SustAt .         Harm     .     k - +0 pair of boots
MR     .....                    (no amulet)
Stlth  ++........               (no ring)
                                (no ring)

@: not resistant to hostile enchantments, unstealthy
A: antennae 1, icy blue scales 1
a: no special abilities


You were on level 2 of the Dungeon.
You were hungry.

You visited 1 branch of the dungeon, and saw 3 of its levels.

You collected 84 gold pieces.

Inventory:

Hand Weapons
 e - a +0 dagger (weapon)
Missiles
 d - 33 bolts
 m - 5 sling bullets
 q - 19 arrows
Armour
 a - a +0 robe (worn)
 k - a +0 pair of boots (worn)
Jewellery
 h - an uncursed ring of see invisible
 n - an uncursed ring of flight
Scrolls
 g - a scroll of remove curse {unknown}
 i - a scroll of enchant armour {unknown}
 o - a scroll of identify {unknown}
 p - 2 scrolls of recharging {unknown}
 s - a scroll of blinking {unknown}
Potions
 f - a potion of curing {unknown}
 t - 3 potions of agility {unknown}
Books
 b - a book of Flames

   Spells                             Type                      Level
   a - Flame Tongue                   Conjuration/Fire             1
   b - Throw Flame                    Conjuration/Fire             2
   c - Conjure Flame                  Conjuration/Fire             3
   d - Inner Flame                    Hexes/Fire                   3
   e - Sticky Flame                   Conjuration/Fire             4
   f - Fireball                       Conjuration/Fire             5
Comestibles
 c - a bread ration
 j - a meat ration
 l - a slice of pizza
 r - 4 chunks of flesh


   Skills:
 - Level 1.7 Dodging
 - Level 1.7 Stealth
 + Level 2.3 Spellcasting
 * Level 1.8 Conjurations
 + Level 3.6 Fire Magic


You had 3 spell levels left.
You knew the following spells:

 Your Spells              Type           Power        Failure   Level  Hunger
a - Flame Tongue          Conj/Fire      ##...        10%         1    #......
b - Throw Flame           Conj/Fire      ##....       12%         2    ###....


Dungeon Overview and Level Annotations

Branches:
Dungeon (3/15)

Altars:


Innate Abilities, Weirdness & Mutations

You have a pair of small antennae on your head.
You are partially covered in icy blue scales. (AC +1)


Message History

You hit the worm.
The worm is almost dead.
You barely miss the worm.
The worm is almost dead.
The worm barely misses you.
You hit the worm but do no damage.
The worm is severely wounded.
You hit the worm.
The worm is almost dead.
The worm closely misses you.
You hit the worm.
The worm is almost dead.
The worm bites you.
* * * LOW HITPOINT WARNING * * *
You hit the worm but do no damage.
The worm is almost dead.
You hit the worm but do no damage.
The worm is almost dead.
The worm bites you.
You die...

#.###...†##..).†......
# #...................#
.#.####...##.##..######
#.#####>####.##..#
.....##.####.##..######
#...........##........
#...##.#######.#######
##.###.# ##w###### #.#
#.# #.#@....# #.# #.#
##.####.... #.# #.# ###
# #.# #.# #.# #.# #.##
###..# ...#.# ##.#.#


You could see a worm.

Vanquished Creatures
  An adder (D:2)
  A dart slug (D:2)
  A giant gecko (D:1)
  A ball python (D:2)
  A giant cockroach (D:1)
  5 goblins (D:1)
  7 hobgoblins
  3 jackals (D:1)
  4 kobolds
  3 bats (D:1)
  2 giant newts
  5 rats
34 creatures vanquished.

Notes
Turn   | Place    | Note
-------+----------+-------------------------------------------
     0 | D:1      | Musica the Demonspawn Fire Elementalist began the quest for the Orb.
     0 | D:1      | Reached XP level 1. HP: 13/13 MP: 3/3
   141 | D:1      | Reached skill level 3 in Fire Magic
   354 | D:2      | Gained mutation: You have a pair of small antennae on your head. [demonic ancestry]
   354 | D:2      | Reached XP level 2. HP: 13/19 MP: 0/5
   768 | D:1      | Learned a level 2 spell: Throw Flame
  1004 | D:1      | Gained mutation: You are partially covered in icy blue scales. (AC +1) [demonic ancestry]
  1004 | D:1      | Reached XP level 3. HP: 19/24 MP: 1/6
  1276 | D:2      | Slain by a worm

Vault maps used:
D:1:      nicolae_arrival_somewhat_less_tricky_arrival
D:2:      nicolae_qazlal_eye_of_the_storm
D:3:      grunt_pakellas_basics

Skill      XL: |  1 |
---------------+----+-----
Fire Magic     | 3 |  3.6
Dodging        | |  1.7
Stealth        | |  1.7
Spellcasting   | |  2.3
Conjurations   | |  1.8

Action                   || total
-------------------------++-------
Melee: Dagger            ||    69
 Cast: Flame Tongue      ||    46
  Eat: Chunk             ||     1
Armor: Robe              ||    15
Dodge: Dodged            ||    51
